 Dungeon Crawl Stone Soup version 0.17-a0-1954-g0dddeaa (webtiles) character file.

6451 Gorice the Fighter (level 10, -6/89 HPs)
             Began as a Mummy Wanderer on Oct 3, 2015.
             Was an Initiate of Gozag.
             Mangled by a yak (7 damage)
             ... in an ice cave.
             The game lasted 00:48:36 (10163 turns).

Gorice the Fighter (Mummy Wanderer)                Turns: 10163, Time: 00:48:36

Health: -6/89      AC: 13    Str: 17    XL:     10   Next: 67%
Magic:  0/10       EV:  6    Int: 10    God:    Gozag
Gold:   256        SH:  0    Dex: 15    Spells: 0 memorised, 9 levels left

rFire  x . .     SeeInvis .     a - +3 morningstar (venom)
rCold  + . .     Clarity  .     t - +2 chain mail {MR+}
rNeg   + + +     SustAt   .     (no shield)
rPois  ∞         Gourm    .     r - +0 helmet
rElec  .         Spirit   +     (no cloak)
rCorr  .         Warding  .     w - +0 pair of gloves
rMut   .         Stasis   .     u - +0 pair of boots
MR     ++...                    F - amulet of guardian spirit
Stlth  ..........               (no ring)
                                (no ring)

@: very resistant to hostile enchantments, extremely unstealthy
A: no food or potions, fire vulnerability, cold resistance 1, negative energy
resistance 3, torment resistance, unbreathing
a: Potion Petition, Call Merchant, Bribe Branch, Renounce Religion


You were in an ice cave.
You worshipped Gozag.
Gozag was noncommittal.
You were not hungry.

You visited 3 branches of the dungeon, and saw 10 of its levels.
You also visited: Ice Cave.

You collected 1277 gold pieces.
You paid 1021 gold pieces to Gozag.

Inventory:

Hand weapons
 a - a +3 morningstar of venom (weapon)
   (You found it on level 8 of the Dungeon)
 b - a +0 hand crossbow
 k - a +2 shortbow
 p - a +2 dire flail of protection
   (You took it off Edmund on level 4 of the Dungeon)
 s - a +1 short sword of draining
   (You took it off a kobold on level 3 of the Dungeon)
 B - a +0 blowgun
 M - a +0 dagger of protection
   (You took it off a goblin on level 1 of the Dungeon)
Missiles
 c - 135 arrows
 d - 50 bolts
 i - 23 poisoned needles
 l - 13 tomahawks (quivered)
 o - 71 sling bullets
 A - 8 arrows of dispersal
 C - 17 poisoned arrows
 O - 18 bolts of flame
 W - 4 javelins of penetration
 Y - 2 throwing nets
 Z - 151 stones
Armour
 r - a +0 helmet (worn)
 t - a +2 chain mail of magic resistance (worn)
   (You took it off Edmund on level 4 of the Dungeon)
 u - a +0 pair of boots (worn)
 w - a +0 pair of gloves (worn)
 G - the +1 robe of the Desert {rC+ MR+ Int+4, unknown}
   (You found it on level 7 of the Dungeon)

   It affects your intelligence (+4).
   It protects you from cold.
   It affects your resistance to hostile enchantments.
 P - the +1 robe "Jorghuj" {+Fly rN++ Str+4 Int-4}
   (You found it on level 5 of the Dungeon)

   It affects your strength (+4).
   It affects your intelligence (-4).
   It greatly protects you from negative energy.
   It lets you fly.
Magical staves
 I - an uncursed staff of fire
 L - an uncursed staff of conjuration
Jewellery
 m - an uncursed amulet of resist corrosion
 F - an amulet of guardian spirit (around neck)
Magical devices
 e - a wand of polymorph (15)
 n - a wand of cold (7)
 v - a wand of digging (13)
 z - a wand of disintegration (15)
 J - a wand of disintegration (13)
 N - a wand of confusion (8)
Scrolls
 f - a scroll of enchant armour
 g - 5 scrolls of identify
 j - a scroll of remove curse
 q - a scroll of enchant weapon
 x - 2 scrolls of recharging
 y - 2 scrolls of amnesia
 D - 2 scrolls of immolation {!r}
Books
 E - a book of the Tempests
 H - a book of Transfigurations
 K - a book of Dreams


   Skills:
 + Level 12.3 Fighting
 * Level 9.6 Maces & Flails
 - Level 1.5 Bows
 - Level 1.5 Throwing
 - Level 1.0 Armour


You had 9 spell levels left.
You didn't know any spells.

Dungeon Overview and Level Annotations

Branches:
Dungeon (8/15)             Temple (1/1) D:7            Lair (1/8) D:8

Altars:
Ashenzari
Dithmenos
Elyvilon
Fedhas
Gozag
Kikubaaqudgha
Makhleb
Nemelex Xobeh
Okawaru
Qazlal
Ru
Sif Muna
Trog
Vehumet
Yredelemnul
Zin
The Shining One

Shops:
D:8 :   D:12 (

Annotations:
D:3 vpUX: bolts/sword on Sif island


Innate Abilities, Weirdness & Mutations

You do not eat or drink.
Your flesh is vulnerable to fire.
You are immune to poison.
Your flesh is cold resistant.
You are immune to negative energy.
You are immune to unholy pain and torment.
You can survive without breathing.


Message History

* * * LOW HITPOINT WARNING * * *
The yak barely misses you. x2
The wolf bites you!
* * * LOW HITPOINT WARNING * * *
Damage: 12 (max 12) Read which item? (? for menu, Esc to quit)
Okay, then.
Use which ability? [a] - 600 gold - resistance, might and haste [b] - 442 gold - haste, agility and flight [c] - 312 gold - heal wounds and magic Purchase which effect?
You don't have enough gold for that! [a] - 600 gold - resistance, might and haste [b] - 442 gold - haste, agility and flight [c] - 312 gold - heal wounds and magic Purchase which effect?
You no longer have enough gold to petition Gozag for potion effects.
You feel much better. Magic courses through your body.
The yak looks more healthy.
The wolf bites you.
* * * LOW HITPOINT WARNING * * *
The yak barely misses you. The yak gores you!
* * * LOW HITPOINT WARNING * * *
The yak gores you.
* * * LOW HITPOINT WARNING * * *
Unknown command.
Unknown command.
You hit the wolf but do no damage.
The wolf is heavily wounded.
The wolf bites you.
* * * LOW HITPOINT WARNING * * *
The wolf bites you but does no damage.
The yak snorts and paws the ground.
The yak gores you!
* * * LOW HITPOINT WARNING * * *
The yak gores you but does no damage. The yak gores you.
* * * LOW HITPOINT WARNING * * *
Damage: 12 (max 12)
You thump the wolf!
You kill the wolf!
The yak gores you but does no damage. The yak barely misses you.
The yak gores you but does no damage.
Unknown command.
The yak gores you.
* * * LOW HITPOINT WARNING * * *
You see here 6 gold pieces.
Damage: 2 (max 12)
The yak gores you but does no damage. The yak gores you!
You die...
Your body crumbles into a pile of gold.

...##
#...#
##...
#...#
##...##
##.....##
#...∩...#
#....YYY#
##..∩@$##
##...##
#####


You could see 3 yaks.

Vanquished Creatures
  A hydra (D:8)
  A rakshasa (D:7)
  An ugly thing (D:8)
  A komodo dragon (D:8)
  Sigmund (D:2)
  A yak (D:8)
  A deep elf fighter (D:8)
  A spriggan (D:8)
  A wolf (IceCv)
  Edmund (D:4)
  3 water moccasins
  Purgy (D:4)
  A wasp (D:8)
  An ice beast (D:6)
  A porcupine (Lair:1)
  An orc warrior (D:7)
  2 phantoms
  3 ogres
  2 crocodiles (D:8)
  3 centaurs (D:6)
  Blork the orc (D:3)
  3 big kobolds
  6 giant frogs
  4 wights (D:8)
  3 crimson imps
  3 hounds
  A quasit (D:8)
  4 orc priests
  2 iguanas
  A jelly (D:7)
  A giant frog zombie (D:8)
  3 orc wizards
  A centaur skeleton (D:6)
  A giant frog skeleton (D:5)
  Terence (D:3)
  Natasha (twice) (D:4)
  9 worker ants
  A hound zombie (D:7)
  10 adders
  4 gnolls (D:5)
  2 shadow imps
  3 adder zombies
  3 adder skeletons
  4 worms
  7 giant geckos
  18 orcs
  7 giant cockroaches
  10 goblins
  7 hobgoblins
  17 jackals
  3 quokkas
  A ball python (D:4)
  9 bats
  3 giant newts (D:1)
  17 kobolds
  A quokka zombie (D:5)
  5 rats
  2 fungi (D:8)
208 creatures vanquished.

Vanquished Creatures (others)
  14 fungi (D:8)
  6 plants (D:8)
20 creatures vanquished.

Grand Total: 228 creatures vanquished

Notes
Turn   | Place    | Note
--------------------------------------------------------------
     0 | D:1      | Gorice the Mummy Wanderer began the quest for the Orb.
     0 | D:1      | Gorice set off with: a +2 shortbow, 23 arrows, a +0 hand crossbow, 22 bolts, a scroll of teleportation {!r}, a +0 robe, a !bad item (cl:100,ty:0,pl:0,pl2:0,sp:0,qu:0), a !bad item (cl:100,ty:0,pl:0,pl2:0,sp:0,qu:0), a !bad item (cl:100,ty:0,pl:0,pl2:0,sp:0,qu:0), a !bad item (cl:100,ty:0,pl:0,pl2:0,sp:0,qu:0), a !bad item (cl:100,ty:0,pl:0,pl2:0,sp:0,qu:0), a !bad item (cl:100,ty:0,pl:0,pl2:0,sp:0,qu:0), a !bad item (cl:100,ty:0,pl:0,pl2:0,sp:0,qu:0), a !bad item (cl:100,ty:0,pl:0,pl2:0,sp:0,qu:0), a !bad item (cl:100,ty:0,pl:0,pl2:0,sp:0,qu:0), a !bad item (cl:100,ty:0,pl:0,pl2:0,sp:0,qu:0), a !bad item (cl:100,ty:0,pl:0,pl2:0,sp:0,qu:0), a !bad item (cl:100,ty:0,pl:0,pl2:0,sp:0,qu:0), a !bad item (cl:100,ty:0,pl:0,pl2:0,sp:0,qu:0), a !bad item (cl:100,ty:0,pl:0,pl2:0,sp:0,qu:0), a !bad item (cl:100,ty:0,pl:0,pl2:0,sp:0,qu:0), a !bad item (cl:100,ty:0,pl:0,pl2:0,sp:0,qu:0), a !bad item (cl:100,ty:0,pl:0,pl2:0,sp:0,qu:0), a !bad item (cl:100,ty:0,pl:0,pl2:0,sp:0,qu:0), a !bad item (cl:100,ty:0,pl:0,pl2:0,sp:0,qu:0), a !bad item (cl:100,ty:0,pl:0,pl2:0,sp:0,qu:0), a !bad item (cl:100,ty:0,pl:0,pl2:0,sp:0,qu:0), a !bad item (cl:100,ty:0,pl:0,pl2:0,sp:0,qu:0), a !bad item (cl:100,ty:0,pl:0,pl2:0,sp:0,qu:0), a !bad item (cl:100,ty:0,pl:0,pl2:0,sp:0,qu:0), a !bad item (cl:100,ty:0,pl:0,pl2:0,sp:0,qu:0), a !bad item (cl:100,ty:0,pl:0,pl2:0,sp:0,qu:0), a !bad item (cl:100,ty:0,pl:0,pl2:0,sp:0,qu:0), a !bad item (cl:100,ty:0,pl:0,pl2:0,sp:0,qu:0), a !bad item (cl:100,ty:0,pl:0,pl2:0,sp:0,qu:0), a !bad item (cl:100,ty:0,pl:0,pl2:0,sp:0,qu:0), a !bad item (cl:100,ty:0,pl:0,pl2:0,sp:0,qu:0), a !bad item (cl:100,ty:0,pl:0,pl2:0,sp:0,qu:0), a !bad item (cl:100,ty:0,pl:0,pl2:0,sp:0,qu:0), a !bad item (cl:100,ty:0,pl:0,pl2:0,sp:0,qu:0), a !bad item (cl:100,ty:0,pl:0,pl2:0,sp:0,qu:0), a !bad item (cl:100,ty:0,pl:0,pl2:0,sp:0,qu:0), a !bad item (cl:100,ty:0,pl:0,pl2:0,sp:0,qu:0), a !bad item (cl:100,ty:0,pl:0,pl2:0,sp:0,qu:0), a !bad item (cl:100,ty:0,pl:0,pl2:0,sp:0,qu:0), a !bad item (cl:100,ty:0,pl:0,pl2:0,sp:0,qu:0), a !bad item (cl:100,ty:0,pl:0,pl2:0,sp:0,qu:0), a !bad item (cl:100,ty:0,pl:0,pl2:0,sp:0,qu:0), a !bad item (cl:100,ty:0,pl:0,pl2:0,sp:0,qu:0), a !bad item (cl:100,ty:0,pl:0,pl2:0,sp:0,qu:0), a !bad item (cl:100,ty:0,pl:0,pl2:0,sp:0,qu:0), a !bad item (cl:100,ty:0,pl:0,pl2:0,sp:0,qu:0)
     0 | D:1      | Reached XP level 1. HP: 21/21 MP: 1/1
   275 | D:1      | Reached XP level 2. HP: 25/27 MP: 2/2
   945 | D:2      | Reached XP level 3. HP: 25/34 MP: 3/3
   971 | D:2      | Noticed Sigmund
   995 | D:3      | Found a basalt altar of Yredelemnul.
  1128 | D:3      | Found an ancient bone altar of Kikubaaqudgha.
  1190 | D:3      | Reached skill level 6 in Fighting
  1191 | D:3      | Found a white marble altar of Elyvilon.
  1249 | D:3      | Reached XP level 4. HP: 41/41 MP: 4/4
  1300 | D:3      | Noticed Blork the orc
  1330 | D:3      | Noticed Terence
  1340 | D:3      | Killed Terence
  1530 | D:3      | Killed Blork the orc
  1530 | D:3      | Reached skill level 7 in Fighting
  1530 | D:3      | Reached XP level 5. HP: 33/48 MP: 5/5
  1542 | D:3      | Found a deep blue altar of Sif Muna.
  1669 | D:4      | Noticed Edmund
  1684 | D:4      | HP: 14/48 [Edmund/dire flail of protection (9)]
  1690 | D:4      | Killed Edmund
  1690 | D:4      | Reached skill level 8 in Fighting
  1690 | D:4      | Reached XP level 6. HP: 16/56 MP: 6/6
  1793 | D:4      | HP: 6/56 [orc priest/divine providence (15)]
  1812 | D:4      | Noticed Purgy
  1814 | D:4      | HP: 9/56 [worker ant (1)]
  1827 | D:4      | HP: 8/56 [worker ant (3)]
  1832 | D:4      | HP: 6/56 [worker ant (3)]
  1852 | D:4      | HP: 7/56 [worker ant (2)]
  1865 | D:4      | HP: 5/56 [worker ant (5)]
  1871 | D:3      | HP: 3/56 [worker ant (3)]
  2190 | D:4      | Killed Purgy
  2227 | D:4      | Noticed Natasha
  2700 | D:4      | Reached skill level 9 in Fighting
  2700 | D:4      | Reached XP level 7. HP: 35/64 MP: 7/7
  3134 | D:4      | Killed Natasha
  3162 | D:4      | Noticed Natasha
  3165 | D:4      | Killed Natasha
  3255 | D:5      | Entered Level 5 of the Dungeon
  3283 | D:5      | Found an opulent altar of Gozag.
  3287 | D:5      | Found a stormy altar of Qazlal.
  3291 | D:5      | Became a worshipper of Gozag Ym Sagoz the Greedy
  3583 | D:5      | Reached skill level 1 in Maces & Flails
  3658 | D:5      | Got a shadowed robe
  3669 | D:5      | Identified the cursed +1 robe "Jorghuj" {+Fly rN++ Str+4 Int-4} (You found it on level 5 of the Dungeon)
  3987 | D:5      | Reached skill level 2 in Maces & Flails
  4276 | D:6      | Reached XP level 8. HP: 72/72 MP: 8/8
  4380 | D:6      | Reached skill level 10 in Fighting
  4380 | D:6      | Reached skill level 3 in Maces & Flails
  4617 | D:6      | Reached skill level 4 in Maces & Flails
  5124 | D:7      | Reached skill level 5 in Maces & Flails
  5314 | D:7      | Got a heavy robe
  5401 | D:7      | Found a staircase to the Ecumenical Temple.
  5423 | Temple   | Entered the Ecumenical Temple
  5497 | D:7      | Reached XP level 9. HP: 79/79 MP: 9/9
  5643 | D:8      | Found a staircase to the Lair.
  5656 | D:8      | Reached skill level 6 in Maces & Flails
  5811 | D:8      | Found Xeagom's Book Shop.
  5851 | D:8      | Reached skill level 11 in Fighting
  5865 | D:8      | Found an iron altar of Okawaru.
  5955 | D:8      | Reached skill level 7 in Maces & Flails
  6122 | D:8      | Noticed a komodo dragon
  6148 | D:8      | Killed a komodo dragon
  6407 | D:8      | Noticed a gargoyle
  6881 | D:8      | Noticed a green ugly thing
  6891 | D:8      | Killed a green ugly thing
  6891 | D:8      | Reached skill level 8 in Maces & Flails
  6891 | D:8      | Reached XP level 10. HP: 65/88 MP: 8/10
  7176 | D:8      | Noticed a rakshasa
  7190 | D:8      | HP: 15/89 [rakshasa/orb of energy (15)]
  7519 | D:8      | HP: 26/89 [rakshasa/orb of energy (23)]
  7818 | D:8      | Noticed a five-headed hydra
  7831 | D:8      | Killed a five-headed hydra
  8141 | D:8      | Got a smoking scale mail
  8160 | D:8      | Reached skill level 9 in Maces & Flails
  8205 | D:7      | Identified the cursed +0 scale mail "Goaggit" {Int+3} (You found it on level 8 of the Dungeon)
  8416 | D:2      | Found a sparkling altar of Nemelex Xobeh.
  8448 | D:2      | Found a glowing silver altar of Zin.
  8448 | D:2      | Found a burning altar of Makhleb.
  8449 | D:2      | Noticed a green death
  8449 | D:2      | Noticed an angel
  8882 | D:2      | Reached skill level 12 in Fighting
  8938 | D:2      | Killed Sigmund
  9781 | D:7      | HP: 22/89 [rakshasa/long sword (13)]
  9788 | D:7      | HP: 14/89 [rakshasa/long sword (4)]
  9790 | D:7      | HP: 5/89 [rakshasa/long sword (10)]
  9794 | D:7      | Killed a rakshasa
 10096 | Lair:1   | Entered Level 1 of the Lair of Beasts
 10125 | Lair:1   | Found a frozen archway.
 10139 | IceCv    | Entered an ice cave
 10156 | IceCv    | HP: 18/89 [yak (10)]
 10158 | IceCv    | HP: 7/89 [wolf (7)]
 10160 | IceCv    | HP: 2/89 [yak (2)]
 10163 | IceCv    | Mangled by a yak

Vault maps used:
D:1:      dpeg_arrival_leaves_temple_mockup
D:2:      grunt_temple_overflow_order_and_chaos_2,
          nemelex_xobeh_ov_fountains_minmay, first_bread, uniq_sigmund
D:3:      yredelemnul_altar_generic, tgw_sif, elyvilon_altar_1,
          kiku_gazebo_garden_becter, uniq_terence
D:4:      gup_sewer_entry_bubbles, uniq_edmund, uniq_natasha, uniq_purgy
D:5:      grunt_temple_overflow_open, minmay_misc_feat_plants,
          grunt_ministairs_10, grunt_decor_cap
D:7:      minmay_temple_entry_overgrown
D:8:      minmay_tri_box, kennysheep_mini, due_lair_maze_entry_diamond,
          serial_shops, nicolae_shop_crystal, the_bakery
Temple:   temple_island_7
Lair:1:   lab_entry_generic, portal_ice_cave_entry_pillars_02, minivault_27,
          guppyfry_lair_drakes, grunt_megastairs_4
IceCv:    ice_cave_small_giant

Action                   |  1- 3 |  4- 6 |  7- 9 | 10-12 || total
-------------------------+-------+-------+-------+-------++-------
Melee: Dagger            |    39 |       |       |       ||    39
       Short sword       |       |    18 |       |       ||    18
       Dire flail        |       |   143 |   472 |    40 ||   655
       Morningstar       |       |       |    14 |   128 ||   142
 Fire: Hand crossbow     |    70 |    11 |    29 |    14 ||   124
       Shortbow          |       |    14 |    26 |       ||    40
Throw: Tomahawk          |       |       |       |     1 ||     1
Invok: Potion Petition   |       |       |       |     2 ||     2
       Call Merchant     |       |       |       |     1 ||     1
 Abil: Stop Flying       |       |       |       |     1 ||     1
       Evoke Flight      |       |       |       |     1 ||     1
Evoke: Wand              |       |       |       |     1 ||     1
  Use: Scroll            |     3 |     2 |     7 |     2 ||    14
 Stab: Distracted        |       |       |     1 |       ||     1

Table legend:
 A = Turns spent in this place as a percentage of turns spent in the entire game.
 B = Non-inter-level travel turns spent in this place as a percentage of non-inter-level travel turns spent in the entire game.
 C = Inter-level travel turns spent in this place as a percentage of turns spent in this place.
 D = Turns resting spent in this place as a percentage of non-inter-level travel turns spent in this place.
 E = Turns spent auto-exploring this place as a percentage of non-inter-level travel turns spent in this place.
 F = Non-inter-level travel turns spent in this place divided by the number of levels of this place that you've seen.
                   A       B       C       D       E      F
               +-------+-------+-------+-------+-------+----------------------
         Total | 100.0 | 100.0 |   0.6 |   1.6 |   4.3 | 354.2
       Dungeon |  96.9 |  96.9 |   0.6 |   1.7 |   4.4 | 472.1
        Temple |   1.6 |   1.6 |   0.0 |   0.0 |   0.0 |  64.0
          Lair |   0.7 |   0.6 |   3.8 |   0.0 |   0.0 |  25.0
      Ice Cave |   0.8 |   0.8 |   0.0 |   0.0 |   0.0 |  30.0
               +-------+-------+-------+-------+-------+----------------------

Vault maps used:
D:1:      dpeg_arrival_leaves_temple_mockup
D:2:      grunt_temple_overflow_order_and_chaos_2,
          nemelex_xobeh_ov_fountains_minmay, first_bread, uniq_sigmund
D:3:      yredelemnul_altar_generic, tgw_sif, elyvilon_altar_1,
          kiku_gazebo_garden_becter, uniq_terence
D:4:      gup_sewer_entry_bubbles, uniq_edmund, uniq_natasha, uniq_purgy
D:5:      grunt_temple_overflow_open, minmay_misc_feat_plants,
          grunt_ministairs_10, grunt_decor_cap
D:7:      minmay_temple_entry_overgrown
D:8:      minmay_tri_box, kennysheep_mini, due_lair_maze_entry_diamond,
          serial_shops, nicolae_shop_crystal, the_bakery
Temple:   temple_island_7
Lair:1:   lab_entry_generic, portal_ice_cave_entry_pillars_02, minivault_27,
          guppyfry_lair_drakes, grunt_megastairs_4
IceCv:    ice_cave_small_giant
